[Event "Nakhchivan Open 2024"]
[Site "Nakhchivan"]
[Date "2024.01.14"]
[Round "8.5"]
[White "Garayev, Sadig"]
[Black "Baghirov, Mahammad"]
[Result "0-1"]
[ECO "B00"]
[WhiteElo "2008"]
[BlackElo "1621"]
[Annotator "TA"]
[PlyCount "82"]
[EventDate "2024.01.11"]
[EventType "swiss"]
[EventCountry "AZE"]
[SourceTitle "playchess.com"]
[Source "ChessBase"]
[SourceQuality "1"]
[TimeControl "5400+30"]

1. e4 b6 2. d4 Bb7 3. Bd3 Nf6 4. f3 e6 5. Ne2 c5 6. c3 Nc6 7. O-O cxd4 8. cxd4 {[%emt 0:00:47] Weiß steht etwas besser.} Nb4 9. Nbc3 Nxd3 10. Qxd3 Be7 11. Be3 O-O 12. Rad1 d6 13. Kh1 a6 14. a4 Rc8 15. Rc1 Re8 16. Bg1 Bf8 17. Ng3 g6 18. Nce2 h5 {[%emt 0:00:25] und nun wäre ...h4 stark für Schwarz.} 19. Rxc8 Qxc8 20. Rc1 Qd7 21. Qb3 h4 22. Nf1 {[%emt 0:00:07] [#]} (22. Qxb6 $5 Rc8 (22... hxg3 23. Rc7 $16) 23. Rxc8 Qxc8 (23... Bxc8 24. Nf1 $17) 24. Nf1 $11) 22... h3 $1 23. Qxb6 {[%emt 0:01:41] Rc7 ist eine echte Drohung.} hxg2+ 24. Kxg2 Rb8 25. Qc7 Qe8 26. Be3 Nxe4 27. fxe4 $16 Bxe4+ 28. Kf2 Rxb2 29. Nfg3 (29. Nd2 $16 Bf5 30. Nc4) 29... Bb7 30. Rc2 Rb3 31. Qc4 Ra3 32. Rb2 Bd5 (32... Rxa4 $2 33. Qc7 Qc8 34. Qxb7 $18 (34. Rxb7 Qxc7 35. Rxc7 d5 $18)) 33. Qc7 {[%emt 0:01:37] Droht stark Rb8.} (33. Qxa6 Qd8 34. Bc1 Ra1 $11) 33... Qxa4 $2 (33... Rxa4 $2 {zu gefräßig.} 34. Rb8 Rc4 35. Rxe8 $18) (33... Qe7 $14 34. Qxe7 Bxe7) 34. Rb8 $18 {[%emt 0:01:41][%cal Oc7e7] Droht Matt per Qe7!} Rb3 35. Rd8 {[%emt 0:00:27][%cal Oc7e7] jetzt Qe7! und aus.} ({Weniger gut wäre} 35. Qxd6 Rxb8 36. Qxb8 Qb4 37. Qxb4 Bxb4 $16) 35... Kg7 {[%emt 0:01:35] [#]} 36. Qc8 ({Schwächer ist} 36. Rd7 Rb7 37. Rxf7+ Kg8 38. Rxf8+ Kxf8 39. Qxd6+ Kg8 $14) ({Der einzige Zug:} 36. Rc8 $1 $18 {Beabsichtigt Qd8 und Matt.} Rxe3 37. Kxe3 Qa3+ 38. Kf2 Qf3+ 39. Ke1) 36... Bb7 $1 $11 37. Qc1 {[%emt 0:02:29][%cal Og3h5] Weiss will mit Nh5+! Matt setzen.} Be7 {[%emt 0:00:01] Das Brett brennt.} 38. Rb8 (38. Qc7 $1 $11 Bxd8 39. Qxd8) 38... Qb4 $2 (38... Qa5 $1 $15 {bleibt weiter vorne.} 39. Qc4 Rb1) 39. Bg5 $4 (39. Bh6+ $18 Kh7 40. Qf4) 39... Bxg5 40. Qxg5 Rf3+ 41. Kg2 Rf5+ {[%emt 0:00:34] Gewichteter Fehlerwert: Weiß=0.58/Schwarz=0.36.  Verlustzug:     	---       	Schwarz=2     Gewinn verpasst:   	Weiß=1     	---        Fehler:       	Weiß=2     	Schwarz=1     Ungenau:       	Weiß=6     	Schwarz=5     OK:         	Weiß=6     	Schwarz=7     Bester:       	Weiß=1     	Schwarz=2} 0-1

[Event "Nakhchivan Open 2024"]
[Site "Nakhchivan"]
[Date "2024.01.14"]
[Round "8.6"]
[White "Gulumov, Muthat"]
[Black "Babayeva, Nasrin"]
[Result "1-0"]
[ECO "B01"]
[WhiteElo "1843"]
[BlackElo "1806"]
[Annotator "NA COMBH"]
[PlyCount "76"]
[EventDate "2024.01.11"]
[EventType "swiss"]
[EventCountry "AZE"]
[SourceTitle "playchess.com"]
[Source "ChessBase"]
[SourceQuality "1"]
[TimeControl "5400+30"]

1. e4 d5 2. exd5 Qxd5 3. Nc3 Qa5 4. d4 Nf6 5. Nf3 Bf5 6. Bd2 c6 7. Bc4 e6 8. Nh4 Bg4 9. Be2 Bxe2 10. Qxe2 Bb4 11. O-O O-O 12. a3 Bxc3 13. Bxc3 Qc7 14. Rad1 Nbd7 15. Nf3 Rad8 16. Bb4 Rfe8 17. c4 c5 18. dxc5 Nxc5 19. Bc3 Nce4 20. Be5 Qe7 21. b4 Rxd1 22. Rxd1 Rd8 23. h3 h6 24. c5 a6 25. Qc2 Rxd1+ 26. Qxd1 Qe8 27. a4 Nd5 28. Qb1 f5 29. Qb3 Qc8 30. Nd4 g6 31. h4 Kf7 32. h5 a5 33. f3 Ng5 34. bxa5 Qxc5 35. Qxb7+ Ne7 36. Qc7 Qxc7 37. Bxc7 Nd5 38. Bd8 Ke8 1-0

[Event "Nakhchivan Open 2024"]
[Site "Nakhchivan"]
[Date "2024.01.15"]
[Round "9.1"]
[White "Hasanzade, Toghrul"]
[Black "Kul, Ozdemir Efe"]
[Result "1/2-1/2"]
[ECO "B06"]
[WhiteElo "2329"]
[BlackElo "2223"]
[Annotator "RC"]
[PlyCount "37"]
[EventDate "2024.01.11"]
[EventType "swiss"]
[EventCountry "AZE"]
[SourceTitle "playchess.com"]
[Source "ChessBase"]
[SourceQuality "1"]
[TimeControl "5400+30"]

1. e4 g6 2. d4 Bg7 3. Nc3 c6 4. Nf3 d6 5. h3 Nd7 6. a4 Qc7 7. a5 Ngf6 8. Be3 O-O 9. Be2 e5 10. O-O exd4 11. Bxd4 Re8 12. Bc4 Ne5 13. Ba2 Be6 14. Bxe6 Rxe6 15. Nd2 Ree8 16. f4 Ned7 17. Re1 Nc5 18. e5 Nfd7 19. Nc4 1/2-1/2

[Event "Nakhchivan Open 2024"]
[Site "Nakhchivan"]
[Date "2024.01.15"]
[Round "9.2"]
[White "Gasimov, Parviz"]
[Black "Israilov, Agil"]
[Result "1/2-1/2"]
[ECO "B11"]
[WhiteElo "2362"]
[BlackElo "2114"]
[Annotator "RC"]
[PlyCount "59"]
[EventDate "2024.01.11"]
[EventType "swiss"]
[EventCountry "AZE"]
[SourceTitle "playchess.com"]
[Source "ChessBase"]
[SourceQuality "1"]
[TimeControl "5400+30"]

1. e4 c6 2. Nc3 d5 3. Nf3 Bg4 4. h3 Bxf3 5. Qxf3 e6 6. d4 Nf6 7. Bd3 dxe4 8. Nxe4 Nxe4 9. Qxe4 Nd7 10. c3 Nf6 11. Qe2 Qd5 12. O-O Bd6 13. Be3 O-O 14. c4 Qh5 15. Rad1 Qxe2 16. Bxe2 Rfd8 17. Bf3 Rd7 18. Rd3 Bc7 19. Rfd1 Rad8 20. Be2 Kf8 21. Kf1 h6 22. g4 Bb6 23. Kg2 Ne4 24. f3 Nf6 25. Kf2 Re8 26. h4 h5 27. g5 Ng8 28. f4 g6 29. Bf3 Ne7 30. Be4 1/2-1/2

[Event "Nakhchivan Open 2024"]
[Site "Nakhchivan"]
[Date "2024.01.15"]
[Round "9.3"]
[White "Ahmadov, Fariz"]
[Black "Gulumov, Muthat"]
[Result "1-0"]
[ECO "D02"]
[WhiteElo "2193"]
[BlackElo "1843"]
[Annotator "RC"]
[PlyCount "91"]
[EventDate "2024.01.11"]
[EventType "swiss"]
[EventCountry "AZE"]
[SourceTitle "playchess.com"]
[Source "ChessBase"]
[SourceQuality "1"]
[TimeControl "5400+30"]

1. d4 d5 2. Nf3 Nf6 3. g3 e6 4. Bg2 c5 5. O-O cxd4 6. Nxd4 Nc6 7. c4 Bc5 8. Nxc6 bxc6 9. Qc2 Bb6 10. Rd1 O-O 11. e4 Ng4 12. c5 Bc7 13. Nc3 Qe7 14. Qe2 d4 15. Rxd4 e5 16. Rd1 Qxc5 17. h3 Nf6 18. Be3 Qa5 19. a3 Qa6 20. Qc2 Bb6 21. Na4 Bxe3 22. fxe3 Be6 23. Nc5 Qb6 24. Rd2 Rab8 25. Qc3 Rfe8 26. Kh2 h5 27. Rf1 Qb5 28. b4 a5 29. bxa5 Ra8 30. a6 Qc4 31. Rc1 Qxc3 32. Rxc3 Bc8 33. Bf1 Kf8 34. Rd6 Ke7 35. Rxc6 Rd8 36. Rd3 Rxd3 37. Bxd3 Nd7 38. Nxd7 Bxd7 39. Rc7 Kd6 40. Rb7 Be6 41. a4 Kc6 42. Bb5+ Kd6 43. a7 g5 44. h4 g4 45. Kg1 Bb3 46. Be8 1-0

[Event "Nakhchivan Open 2024"]
[Site "Nakhchivan"]
[Date "2024.01.15"]
[Round "9.4"]
[White "Baghirov, Mahammad"]
[Black "Hasanli, Rza"]
[Result "0-1"]
[ECO "C55"]
[WhiteElo "1621"]
[BlackElo "1622"]
[Annotator "NA RC"]
[PlyCount "106"]
[EventDate "2024.01.11"]
[EventType "swiss"]
[EventCountry "AZE"]
[SourceTitle "playchess.com"]
[Source "ChessBase"]
[SourceQuality "1"]
[TimeControl "5400+30"]

1. e4 e5 2. Nf3 Nc6 3. Bc4 Nf6 4. d3 h6 5. Nc3 d6 6. h3 g6 7. Be3 Bg7 8. Qd2 Na5 9. Bb3 c6 10. Rd1 Nxb3 11. axb3 c5 12. Ne2 Be6 13. b4 b6 14. bxc5 bxc5 15. Ra1 Qb6 16. b3 Nh5 17. Qa5 O-O 18. g4 Nf4 19. Bxf4 exf4 20. Qxb6 axb6 21. Rxa8 Rxa8 22. Kd2 g5 23. d4 Kf8 24. b4 Ra3 25. bxc5 bxc5 26. Ne1 f3 27. Nc3 Bxd4 28. Nb5 Ra4 29. Nxf3 Bxf2 30. Nxd6 Bg3 31. Nf5 Bf4+ 32. Kd3 Bc4+ 33. Kc3 Be2 34. Ne1 Ra1 35. Rg1 Rd1 36. Kb2 Bd2 37. Ng3 Bxg4 38. hxg4 Rxe1 39. Rxe1 Bxe1 40. Nf5 h5 41. gxh5 g4 42. Kc1 g3 43. Nh4 Bc3 44. Kd1 Bf6 45. Nf3 g2 46. Ke2 Bd4 47. c3 g1=Q 48. Nxg1 Bxg1 49. Kf3 Bh2 50. Kg4 Be5 51. c4 f6 52. Kf5 Kg7 53. Ke6 Kh6 0-1

[Event "Nakhchivan Open 2024"]
[Site "Nakhchivan"]
[Date "2024.01.15"]
[Round "9.5"]
[White "Mamedjarova, Zeinab"]
[Black "Aliyev, Aykhan"]
[Result "1/2-1/2"]
[ECO "D30"]
[WhiteElo "2173"]
[BlackElo "1962"]
[Annotator "RC"]
[PlyCount "166"]
[EventDate "2024.01.11"]
[EventType "swiss"]
[EventCountry "AZE"]
[SourceTitle "playchess.com"]
[Source "ChessBase"]
[SourceQuality "1"]
[TimeControl "5400+30"]

1. d4 d5 2. c4 e6 3. Nf3 Nf6 4. e3 Be7 5. Nbd2 O-O 6. Be2 b6 7. cxd5 exd5 8. O-O Bb7 9. b3 Nbd7 10. Bb2 Ne4 11. Nxe4 dxe4 12. Nd2 c5 13. Qb1 cxd4 14. Bxd4 Nf6 15. Rd1 Qd5 16. Qb2 Qf5 17. Nf1 Rfd8 18. Rac1 Rac8 19. h3 Qa5 20. Qa1 Ne8 21. Rxc8 Bxc8 22. Ng3 Bb7 23. Bc4 h5 24. Bc3 Qg5 25. h4 Qxh4 26. Rxd8 Bxd8 27. Qd1 Bc6 28. Bd5 Bxd5 29. Qxd5 Qg5 30. Qxe4 Nc7 31. Qf3 h4 32. Ne4 Qg6 33. Be5 Ne6 34. Nd6 Bc7 35. Nf5 Bd8 36. Bb8 Qf6 37. Qd5 Qa1+ 38. Kh2 Bf6 39. a4 Qb1 40. Bd6 Qc2 41. Qa8+ Kh7 42. Qf3 Qxb3 43. Qe4 g6 44. Nxh4 Qd1 45. Bb8 Qh5 46. g3 Nc5 47. Qc4 Kg7 48. Kg2 a5 49. Nf3 Qf5 50. Bc7 Nd7 51. Bd6 Qe6 52. Qxe6 fxe6 53. Nd2 e5 54. Nc4 Kf7 55. Bc7 Ke6 56. Kf3 Bg7 57. e4 Bf8 58. Bxb6 Bb4 59. Bxa5 Bxa5 60. Nxa5 Nb6 61. Kg4 Kf6 62. Nc6 Nxa4 63. Nb4 Nc5 64. f3 Ne6 65. Nd5+ Kf7 66. Nb6 Nd4 67. Nc4 Kf6 68. f4 exf4 69. gxf4 Ne6 70. Ne3 Nc5 71. Nd5+ Ke6 72. Nc3 Kf6 73. Kf3 Kf7 74. Ke3 Kf6 75. e5+ Ke6 76. Ne4 Na6 77. Kd4 Nc7 78. Kc5 Ne8 79. Kc6 Ng7 80. Ng5+ Kf5 81. Kd7 Kxf4 82. Nf7 g5 83. Nxg5 Kxe5 1/2-1/2

[Event "Nakhchivan Open 2024"]
[Site "Nakhchivan"]
[Date "2024.01.15"]
[Round "9.6"]
[White "Kazimov, Anvar"]
[Black "Garayev, Sadig"]
[Result "0-1"]
[ECO "A41"]
[WhiteElo "1434"]
[BlackElo "2008"]
[Annotator "RC"]
[PlyCount "72"]
[EventDate "2024.01.11"]
[EventType "swiss"]
[EventCountry "AZE"]
[SourceTitle "playchess.com"]
[Source "ChessBase"]
[SourceQuality "1"]
[TimeControl "5400+30"]

1. d4 d6 2. c4 e5 3. dxe5 dxe5 4. Qxd8+ Kxd8 5. Nc3 c6 6. Nf3 f6 7. Bd2 Be6 8. e4 Nd7 9. Be3 Kc7 10. Be2 a5 11. a3 Ne7 12. Rd1 Nc8 13. h3 Ncb6 14. Nd2 a4 15. f4 Bd6 16. f5 Bf7 17. Rc1 Bc5 18. Bxc5 Nxc5 19. O-O Rhd8 20. Rfd1 Rxd2 21. Rxd2 Nb3 22. Rdd1 Nxc1 23. Rxc1 Bxc4 24. Bxc4 Nxc4 25. Rc2 b5 26. Kf2 Kd7 27. g4 Na5 28. h4 Nb3 29. Ke3 Ke7 30. Rg2 Rd8 31. g5 Kf7 32. Na2 Rd1 33. Nb4 Nd4 34. Nd3 Rh1 35. Rg4 Rh3+ 36. Kf2 Rxd3 0-1